 Dungeon Crawl Stone Soup version 0.17.0-56-gd8de76c (webtiles) character file.

364 JokEr the Grappler (level 6, -12/49 (51) HPs)
             Began as a Ghoul Monk on Dec 6, 2015.
             Mangled by an ogre
             ... wielding a cursed -2 giant club
              (25 damage)
             ... on level 5 of the Dungeon.
             The game lasted 00:15:35 (4715 turns).

JokEr the Grappler (Ghoul Monk)                     Turns: 4715, Time: 00:15:35

HP:   -12/49 (51)   AC:  2    Str: 17    XL:     6   Next: 67%
MP:   5/5           EV: 12    Int:  5    God:
Gold: 240           SH:  0    Dex: 11    Spells: 0 memorised, 5 levels left

rFire  . . .     SeeInvis +       - Unarmed
rCold  + . .     Clarity  .     a - +0 robe
rNeg   + + +     SustAt   .     (no shield)
rPois  ∞         Gourm    .     (no helmet)
rElec  .         Spirit   .     (no cloak)
rCorr  .         Warding  .     (no gloves)
rMut   .         Stasis   .     (no boots)
MR     .....                    (no amulet)
Stlth  ++........               (no ring)
                                u - ring of see invisible

@: about to teleport, rotting, not resistant to hostile enchantments, unstealthy
A: rotting body, claws 1, carnivore 3, cold resistance 1, negative energy
resistance 3, slow regeneration 1, torment resistance, unbreathing
a: no special abilities


You were on level 5 of the Dungeon.
You were not hungry.

You visited 1 branch of the dungeon, and saw 5 of its levels.

You collected 240 gold pieces.

Inventory:

Armour
 a - a +0 robe (worn)
Jewellery
 j - an uncursed ring of loudness
 u - a ring of see invisible (left claw)
Scrolls
 f - 2 scrolls of enchant armour
 h - 3 scrolls of amnesia
 m - a scroll of recharging
 n - a scroll of noise
 q - a scroll of immolation {unknown}
 r - 2 scrolls of fear {unknown}
 v - a scroll of random uselessness {unknown}
Potions
 c - a potion of invisibility {unknown}
 e - 2 potions of haste {unknown}
 g - a potion of might {unknown}
 i - a potion of cancellation {unknown}
 k - 3 potions of poison {unknown}
 l - 2 potions of degeneration {unknown}
 t - a potion of lignification {unknown}
 x - a potion of agility {unknown}
Comestibles
 b - 2 meat rations
 o - a slice of pizza
 s - a royal jelly
 w - a beef jerky


   Skills:
 - Level 3.2 Fighting
 - Level 2.7 Dodging
 - Level 2.1 Stealth
 + Level 8.5 Unarmed Combat


You had 5 spell levels left.
You didn't know any spells.

Dungeon Overview and Level Annotations

Branches:
Dungeon (5/15)             Temple (0/1) D:4

Altars:
Gozag
Nemelex Xobeh

Shops:
D:5 =


Innate Abilities, Weirdness & Mutations

Your body is rotting away.
You thrive on raw meat.
You are immune to poison.
You have sharp fingernails.
You are carnivorous and can eat meat at any time.
Your flesh is cold resistant.
You are immune to negative energy.
You regenerate slowly when monsters are visible.
You are immune to unholy pain and torment.
You can survive without breathing.


Message History

You see here a leather armour.
You claw the ogre! Your claw misses the ogre.
The ogre is moderately wounded.
The ogre hits you with a giant club!
You scratch the ogre.
The ogre is heavily wounded.
The ogre hits you with a giant club!!
* * * LOW HITPOINT WARNING * * *
You spend a moment contemplating the meaning of unlife.
Unknown command.
As you read the scroll of teleportation, it crumbles to dust.
You feel strangely unstable.
You barely miss the ogre.
The ogre is heavily wounded.
The ogre barely misses you.
You completely miss the ogre. You claw the ogre!
The ogre is severely wounded.
The ogre hits you with a giant club!!
Ouch! That really hurt!
You die...

#########
#.oO@...#
#.#####.#
#.# #.#
#######o#
#.#
#..o....#
#.#####
#.#######
#.....# #.#
#####.# #O#
#.# #.#
#########.#


You could see an ogre and an orc wizard.

Vanquished Creatures
  2 scorpions (D:4)
  An orc wizard (D:4)
  2 worker ants
  8 adders
  3 oozes
  An adder skeleton (D:4)
  3 worms
  3 giant geckos
  9 orcs
  2 ball pythons (D:3)
  13 bats
  7 goblins
  7 hobgoblins
  2 jackals (D:1)
  10 kobolds
  6 giant cockroaches
  6 giant newts
  A quokka skeleton (D:4)
  5 rats
91 creatures vanquished.

Notes
Turn   | Place    | Note
--------------------------------------------------------------
     0 | D:1      | JokEr the Ghoul Monk began the quest for the Orb.
     0 | D:1      | Reached XP level 1. HP: 19/19 MP: 0/0
   493 | D:1      | Reached XP level 2. HP: 17/26 MP: 1/1
   681 | D:1      | Reached skill level 5 in Unarmed Combat
  1186 | D:1      | Reached XP level 3. HP: 21/31 MP: 2/2
  1702 | D:2      | Found a sparkling altar of Nemelex Xobeh.
  2214 | D:3      | Reached XP level 4. HP: 34/38 MP: 3/3
  2217 | D:3      | Reached skill level 6 in Unarmed Combat
  2803 | D:3      | Reached XP level 5. HP: 43/45 MP: 4/4
  3489 | D:4      | Reached skill level 7 in Unarmed Combat
  3980 | D:4      | Found an opulent altar of Gozag.
  4031 | D:4      | Reached XP level 6. HP: 40/51 MP: 5/5
  4115 | D:4      | Found a staircase to the Ecumenical Temple.
  4199 | D:4      | Reached skill level 8 in Unarmed Combat
  4629 | D:5      | Entered Level 5 of the Dungeon
  4649 | D:5      | Found Kaoskil's Jewellery Boutique.
  4715 | D:5      | Mangled by an ogre

Action                   |  1- 3 |  4- 6 || total
-------------------------+-------+-------++-------
Melee: Unarmed           |   117 |   148 ||   265
  Use: Scroll            |     1 |     9 ||    10
 Stab: Sleeping          |     4 |       ||     4
       Held in net/web   |       |     1 ||     1
  Eat: Chunk             |    15 |    20 ||    35
